 Dungeon Crawl Stone Soup version 0.26-a0-834-g69557b85cc (webtiles) character file.

Game seed: 9185883831721031873

22722 Rennog the Bludgeoner (level 12, -6/97 HPs)
             Began as a Minotaur Fighter on Nov 17, 2020.
             Was a High Priest of the Shining One.
             Mangled by an ettin
             ... wielding a +0 dire flail
              (15 damage)
             ... on level 13 of the Dungeon.
             The game lasted 00:27:15 (14803 turns).

Rennog the Bludgeoner (Minotaur Fighter)           Turns: 14803, Time: 00:27:16

Health: -6/97      AC: 19    Str: 24    XL:     12   Next: 65%
Magic:  21/23      EV:  8    Int:  5    God:    the Shining One [*****.]
Gold:   861        SH: 18    Dex: 14    Spells: 11/11 levels left

rFire    + . .     SeeInvis +   v - +2 mace (vorpal)
rCold    + . .     Faith    .   c - +0 kite shield
rNeg     + + .     Spirit   .   i - +0 plate armour
rPois    .         Reflect  .   (helmet unavailable)
rElec    .         Harm     .   W - scarf {rC+ rF+}
rCorr    .         Rampage  .   C - +0 pair of gloves
MR       .....                  P - +0 pair of boots
Stlth    ..........             y - amulet of the acrobat
HPRegen  0.26/turn              p - ring of see invisible
MPRegen  0.18/turn              R - ring of magical power

@: divine shield, glowing
A: retaliatory headbutt, horns 3, sense surroundings 1, strong 1, wild magic 1
a: Divine Shield, Cleansing Flame, Summon Divine Warrior, Renounce Religion


You were on level 13 of the Dungeon.
You worshipped the Shining One.
The Shining One was extremely pleased with you.
You visited 2 branches of the dungeon, and saw 14 of its levels.
You also visited: Bailey and Ice Cave.

You collected 963 gold pieces.
You spent 102 gold pieces at shops.

Inventory:

Hand Weapons
 v - a +2 vorpal mace (weapon)
 E - the +2 broad axe of Desertification {freeze, Str+8 Stlth-}
   (You found it on level 5 of the Dungeon)

   It has been specially enchanted to freeze those struck by it, causing extra
   injury to most foes and up to half again as much damage against particularly
   susceptible opponents.
   It can also slow down cold-blooded creatures.
   It affects your strength (+8).
   It makes you less stealthy.
 H - a +2 flail of venom
 N - a +1 flail of protection
 V - a +4 dire flail
Armour
 b - a +0 scale mail
 c - a +0 kite shield (worn)
 i - a +0 plate armour (worn)
 C - a +0 pair of gloves (worn)
 F - a +2 cloak
 P - a +0 pair of boots (worn)
 S - a scarf of repulsion
 W - a scarf of resistance (worn)
 Y - +0 ice dragon scales
Jewellery
 p - a ring of see invisible (left hand)
 y - an amulet of the acrobat (around neck)
 R - a ring of magical power (right hand)
 X - a +6 ring of strength {unknown}
Wands
 z - a wand of polymorph (17)
 B - a wand of paralysis (10)
 K - a wand of digging (7)
 L - a wand of iceblast (13)
 M - a wand of flame (36)
 T - a wand of acid (4)
Scrolls
 a - 8 scrolls of identify
 e - 8 scrolls of teleportation
 h - 3 scrolls of enchant weapon {unknown}
 j - 4 scrolls of magic mapping
 l - 8 scrolls of remove curse
 m - a scroll of random uselessness {unknown}
 n - 3 scrolls of blinking {unknown}
 q - 8 scrolls of immolation
 t - 4 scrolls of noise
 w - 2 scrolls of fear
 x - 2 scrolls of torment {unknown}
 A - a scroll of fog {unknown}
 D - a scroll of enchant armour {unknown}
 J - 2 scrolls of amnesia
 O - 2 scrolls of summoning {unknown}
 Q - a scroll of acquirement {unknown}
Potions
 d - a potion of might
 f - 2 potions of attraction
 g - 5 potions of curing
 k - 2 potions of cancellation {unknown}
 o - a potion of haste {unknown}
 r - 2 potions of brilliance {unknown}
 s - 2 potions of lignification {unknown}
 u - 2 potions of invisibility {unknown}
 G - 5 potions of heal wounds {unknown}
 I - 2 potions of degeneration
 U - a potion of ambrosia {unknown}


   Skills:
 + Level 6.4 Fighting
 + Level 17.6 Maces & Flails
 + Level 13.7 Armour
 + Level 4.5 Dodging
 + Level 6.5 Shields
 + Level 4.2 Invocations


You had 11 spell levels left.
You didn't know any spells.
Your spell library contained the following spells:

 Spells                   Type           Power        Failure   Level
 Animate Skeleton         Necr           #.....       100%        1
 Corona                   Hex            #......      100%        1
 Foxfire                  Conj/Fire      #...         100%        1
 Pain                     Necr           #...         100%        1
 Ensorcelled Hibernation  Hex/Ice        #.....       100%        2
 Confusing Touch          Hex            #.......     100%        3
 Conjure Flame            Conj/Fire      #.......     100%        3
 Dazzling Flash           Conj/Hex       #.....       100%        3
 Inner Flame              Hex/Fire       #.......     100%        3
 Tukima's Dance           Hex            #.......     100%        3
 Vampiric Draining        Necr           #.........   100%        3
 Animate Dead             Necr           #.........   100%        4
 Sticky Flame             Conj/Fire      #.......     100%        4
 Agony                    Necr           #.......     100%        5
 Fireball                 Conj/Fire      #.........   100%        5


Dungeon Overview and Level Annotations

Branches:
Dungeon (13/15)            Temple (1/1) D:5            Lair (0/6) D:11
    Orc (0/2) D:12         Vaults (0/5) D:13         Bailey (visited)
  IceCv (visited)

Altars:
Ashenzari
Cheibriados
Dithmenos
Elyvilon
Fedhas
Gozag
Hepliaklqana
Kikubaaqudgha
Makhleb
Nemelex Xobeh
Okawaru
Qazlal
Ru
Sif Muna
Trog
Uskayaw
Vehumet
Wu Jian
Xom
Yredelemnul
Zin
The Shining One

Shops:
D:7 :   D:9 }   D:13 ?


Innate Abilities, Weirdness & Mutations

You reflexively headbutt those who attack you in melee.
You have a pair of large horns on your head.
You passively map a small area around you.
Your muscles are strong. (Str +2)
Your spells are a little harder to cast, but a little more powerful.


Message History

* * * LOW HITPOINT WARNING * * *
You hit the ettin but do no damage.
You headbutt the ettin, but do no damage.
The ettin is severely wounded.
The ettin hits you with a +0 dire flail.
* * * LOW HITPOINT WARNING * * *
You block the ettin's attack.
You sock the ettin!
The ettin is almost dead.
You hit the ettin.
You headbutt the ettin, but do no damage.
The ettin is almost dead.
The ettin hits you with a +0 dire flail!
* * * LOW HITPOINT WARNING * * *
You block the ettin's attack.
You hit the ettin but do no damage.
The ettin is almost dead.
You block the ettin's attack.
The ettin hits you with a +0 dire flail!
You die...

#.....#.....##...##...###
#..##.#.....##...##...##.
#.. #.#..........##...##.
#. #.............รท.#..
*.. #.....##...##...#..
.., #.....##...##...#..
#.,#...............#+#
#.##..####'###........#..
#......C@....#...####'#..
#............###+#.......
#..(.....................
#.###..........##..##....
#, #..........##..##....
#.[........##........ ,
.....................
######################


You could see an ettin.

Vanquished Creatures
  Gastronok (D:8)
  2 boulder beetles
  An ice dragon (D:13)
  3 hydras
  A two-headed ogre (D:9)
  An unseen horror (D:12)
  2 ugly things
  A deep elf mage (D:12)
  A cyclops (D:11)
  Joseph (D:8)
  A manticore (D:11)
  A kobold demonologist (D:13)
  A komodo dragon (D:11)
  3 trolls
  Prince Ribbit (D:8)
  2 dream sheep (D:9)
  Eustachio (D:4)
  2 wraiths (D:13)
  A vampire (D:12)
  Grum (D:8)
  9 yaks
  Edmund (D:5)
  2 water moccasins
  10 orc warriors
  2 black bears
  An ice beast (D:13)
  3 sky beasts
  A phantom (D:12)
  3 necrophages
  4 wolves
  11 ogres
  16 centaurs
  4 big kobolds
  7 bullfrogs
  2 gnoll sergeants (D:12)
  4 wyvern skeletons
  5 scorpions
  10 killer bees
  36 wights
  3 howler monkeys (D:9)
  3 bullfrog zombies
  6 hounds
  A centaur zombie (D:12)
  10 orc priests
  2 jellies
  13 orc wizards
  A bullfrog skeleton (D:12)
  2 centaur skeletons
  4 iguanas
  7 worker ants
  A killer bee zombie (D:8)
  A hound zombie (D:8)
  A hound skeleton (D:7)
  A worker ant zombie (D:5)
  6 gnolls
  A howler monkey skeleton (D:11)
  11 adders
  3 shadow imps
  2 white imps
  3 ufetubi
  An ooze (D:1)
  An adder skeleton (D:7)
  2 worms
  2 dart slugs
  6 leopard geckos
  58 orcs
  6 giant cockroaches
  15 goblins
  5 hobgoblins
  8 jackals
  2 quokkas
  2 ball pythons
  A ball python skeleton (D:5)
  6 bats
  4 frilled lizards
  7 kobolds
  A quokka skeleton (D:4)
  4 rats
  A spectral orc (D:5)
373 creatures vanquished.

Vanquished Creatures (others)
  3 fungi (D:6)
  13 plants
16 creatures vanquished.

Grand Total: 389 creatures vanquished

Notes
Turn   | Place    | Note
-------+----------+-------------------------------------------
     0 | D:1      | Rennog the Minotaur Fighter began the quest for the Orb.
     0 | D:1      | Reached XP level 1. HP: 19/19 MP: 0/0
    77 | D:1      | Reached skill level 3 in Maces & Flails
    77 | D:1      | Reached XP level 2. HP: 26/26 MP: 1/1
   414 | D:1      | Reached skill level 4 in Maces & Flails
   695 | D:1      | Reached XP level 3. HP: 29/31 MP: 2/2
  1024 | D:2      | Found a hazy altar of Hepliaklqana.
  1025 | D:2      | Found a shimmering altar of Xom.
  1025 | D:2      | Noticed a bullfrog
  1026 | D:2      | Noticed a spectral ugly thing
  1065 | D:2      | Found a burning altar of Makhleb.
  1326 | D:3      | Reached skill level 5 in Maces & Flails
  1326 | D:3      | Reached XP level 4. HP: 30/39 MP: 3/3
  1409 | D:3      | Noticed a water moccasin
  1416 | D:3      | Killed a water moccasin
  1417 | D:3      | Reached skill level 6 in Maces & Flails
  1417 | D:3      | Reached XP level 5. HP: 35/45 MP: 4/4
  1684 | D:3      | Found an iron altar of Okawaru.
  1894 | D:3      | Reached skill level 5 in Armour
  2185 | D:3      | Reached XP level 6. HP: 18/51 MP: 5/5
  2881 | D:4      | Reached skill level 7 in Maces & Flails
  2977 | D:4      | Noticed Eustachio
  3019 | D:4      | Killed Eustachio
  3020 | D:4      | Reached XP level 7. HP: 49/57 MP: 6/6
  3250 | D:4      | Reached skill level 8 in Maces & Flails
  3597 | D:5      | Entered Level 5 of the Dungeon
  3733 | D:4      | Reached skill level 9 in Maces & Flails
  3843 | D:5      | Reached XP level 8. HP: 55/64 MP: 7/7
  3942 | D:4      | Reached skill level 10 in Maces & Flails
  4417 | D:5      | Found a hide-covered altar of Uskayaw.
  4417 | D:5      | Noticed a +0 hand axe
  4417 | D:5      | Noticed a +3 hand axe
  4473 | D:5      | Got a glimmering broad axe
  4477 | D:5      | Identified the cursed +2 broad axe of Desertification
                  | {freeze, Str+8 Stlth-} (You found it on level 5 of the
                  | Dungeon)
  4499 | D:5      | Found a basalt altar of Yredelemnul.
  4557 | D:5      | Found an opulent altar of Gozag.
  4726 | D:5      | Noticed Edmund
  4734 | D:5      | Killed Edmund
  4738 | D:5      | Found a staircase to the Ecumenical Temple.
  4746 | Temple   | Entered the Ecumenical Temple
  4968 | Temple   | Became a worshipper of the Shining One
  5086 | D:6      | Reached skill level 11 in Maces & Flails
  5339 | D:6      | Reached XP level 9. HP: 58/70 MP: 8/8
  5482 | D:6      | Found a stormy altar of Qazlal.
  5484 | D:6      | Found a blossoming altar of Fedhas.
  5584 | D:6      | Reached skill level 12 in Maces & Flails
  5593 | D:6      | Reached * piety under the Shining One
  6312 | D:7      | Found a sacrificial altar of Ru.
  6332 | D:7      | Found Uwnairy's Book Shop.
  6370 | D:7      | Reached ** piety under the Shining One
  6434 | D:7      | Reached skill level 13 in Maces & Flails
  6472 | D:7      | Noticed a gargoyle
  6482 | D:8      | Found a flagged portal.
  6482 | D:8      | Noticed Prince Ribbit
  6486 | D:8      | Noticed Joseph
  6500 | D:8      | Killed Prince Ribbit
  6501 | D:8      | Reached skill level 10 in Armour
  6507 | D:8      | Killed Joseph
  6514 | D:8      | Gained mutation: Your muscles are strong. (Str +2) [potion
                  | of mutation]
  6514 | D:8      | Gained mutation: Your spells are a little harder to cast,
                  | but a little more powerful. [potion of mutation]
  6514 | D:8      | Gained mutation: You have a pair of large horns on your
                  | head. [potion of mutation]
  6514 | D:8      | Gained mutation: You passively map a small area around you.
                  | [potion of mutation]
  6526 | Bailey   | Entered a bailey
  7034 | Bailey   | Noticed an orc knight
  7034 | Bailey   | Noticed an orc knight
  7068 | Bailey   | Reached XP level 10. HP: 77/77 MP: 9/9
  7083 | Bailey   | Identified the +2 steam dragon scales of the Trilobite
                  | {Int+2}
  7518 | D:8      | Noticed Gastronok
  7579 | D:8      | Killed Gastronok
  7580 | D:8      | Reached skill level 15 in Maces & Flails
  8022 | D:8      | Noticed Grum
  8399 | D:8      | Killed Grum
  8489 | D:9      | Noticed a two-headed ogre
  8497 | D:9      | Killed a two-headed ogre
  8934 | D:9      | Found an ornate altar of the Wu Jian Council.
  8967 | D:9      | Reached XP level 11. HP: 82/82 MP: 10/10
  9152 | D:9      | Found Hoajomem's Gadget Shoppe.
  9273 | D:9      | Noticed a two-headed hydra
  9279 | D:9      | Killed a two-headed hydra
  9280 | D:9      | Reached skill level 16 in Maces & Flails
  9475 | D:9      | Found a sparkling altar of Nemelex Xobeh.
  9577 | D:10     | Entered Level 10 of the Dungeon
  9635 | D:10     | Reached *** piety under the Shining One
 10734 | D:11     | Found a staircase to the Lair.
 10909 | D:11     | Noticed a boulder beetle
 10956 | D:11     | Killed a boulder beetle
 11320 | D:11     | Noticed a brown ugly thing
 11337 | D:11     | Killed a brown ugly thing
 11350 | D:11     | Reached skill level 17 in Maces & Flails
 11525 | D:11     | Found a blossoming altar of Fedhas.
 11665 | D:11     | Reached skill level 1 in Dodging
 11866 | D:12     | Reached **** piety under the Shining One
 11897 | D:12     | Reached skill level 1 in Invocations
 11902 | D:12     | Noticed an unseen horror
 11928 | D:12     | Killed an unseen horror
 12197 | D:12     | Noticed a five-headed hydra
 12197 | D:12     | Reached ***** piety under the Shining One
 12210 | D:12     | Killed a five-headed hydra
 12211 | D:12     | Reached skill level 5 in Shields
 12211 | D:12     | Reached XP level 12. HP: 58/93 MP: 12/12
 12415 | D:12     | Found a snail-covered altar of Cheibriados.
 12465 | D:12     | Found a staircase to the Orcish Mines.
 12475 | D:12     | Reached skill level 5 in Fighting
 13086 | D:13     | Found a frozen archway.
 13103 | IceCv    | Entered an ice cave
 13501 | D:13     | Noticed a four-headed hydra
 13509 | D:13     | Killed a four-headed hydra
 13597 | D:13     | Noticed an ice dragon
 13601 | D:13     | Noticed an ettin
 13891 | D:13     | Noticed a boulder beetle
 13946 | D:13     | Killed a boulder beetle
 14359 | D:13     | Found a gate to the Vaults.
 14404 | D:13     | Found Urorch's Magic Scroll Shoppe.
 14412 | D:13     | Bought 2 scrolls of teleportation for 102 gold pieces
 14477 | D:13     | Killed an ice dragon
 14803 | D:13     | Mangled by an ettin

Illustrated notes

Levels and vault maps discovered:
D:1:      kennysheep_arrival_forest, layout_loops_ring
D:2:      layout_rooms, regret_index_temple_of_mockery, lemuel_doored_altar
D:3:      layout_basic, okawaru_ov_weapons_minmay, minmay_misc_feat_square,
          wander_ebering_terrifying_dragon_lair
D:4:      layout_loops_ring, uniq_eustachio
D:5:      layout_layer_cave, dancing_weapons_uskayaw,
          yredelemnul_forgotten_temple_becter, grunt_gozag_statues,
          temple_fountains, minivault_25, uniq_edmund
D:6:      layout_rooms, grunt_temple_overflow_forces_of_nature
D:7:      layout_gridville, general_overflow_altar, serial_shops,
          kennysheep_mini_moat
D:8:      layout_rooms, enter_bailey_5, uniq_gastronok, uniq_prince_ribbit1,
          uniq_joseph, uniq_grum
D:9:      layout_long_grid, kennysheep_mini, overflow_temple_1_default,
          serial_shops, shop_fountains, hangedman_ranch [blue_anna_fruit_fields]
D:10:     layout_grid_maze
D:11:     layout_roguey, david_lair_shrubbed, fedhas_altar_3
D:12:     layout_rooms, kennysheep_orc_monster_closet_entryway, basic_altar
D:13:     layout_stronghold, david_vaults_4, serial_shops, nicolae_shop_trees,
          portal_ice_cave_entry_pillars_2, kennysheep_opposing_triangles,
          uniq_azrael
Temple:   jpeg_temple_alley_garden

Skill      XL: |  1  2  3  4  5  6  7  8  9 10 11 12 |
---------------+-------------------------------------+-----
Maces & Flails | 3 4 5 6 7 9 11 13 15 17 | 17.6
Armour         | 4 5 6 7 8 10 11 13 | 13.7
Dodging        | 2 4 |  4.5
Shields        | 5 6 |  6.5
Invocations    | 2 4 |  4.2
Fighting       | 4 6 |  6.4

Action                   |  1- 3 |  4- 6 |  7- 9 | 10-12 || total
-------------------------+-------+-------+-------+-------++-------
Melee: Flail             |    87 |    21 |       |       ||   108
       Headbutt          |     9 |    22 |    59 |   203 ||   293
       Mace              |       |   106 |   282 |   745 ||  1133
Invok: Divine Shield     |       |       |       |     2 ||     2
  Use: Scroll            |       |       |    10 |     2 ||    12
       Potion            |       |       |     4 |     5 ||     9
Armor: Scale mail        |     6 |       |       |       ||     6
       Plate armour      |    66 |    89 |   141 |   358 ||   654
Dodge: Dodged            |     7 |    19 |   132 |   221 ||   379
Block: Kite shield       |    44 |    65 |   158 |   347 ||   614

Table legend: (Time is in decaauts)
 A = Elapsed time spent in this place.
 B = Non-inter-level travel time spent in this place.
 C = Inter-level travel time spent in this place.
 D = Time resting spent in this place.
 E = Time spent auto-exploring this place.
 F = Levels seen in this place.
 G = Mean time per level.
                   A        B        C        D        E       F      G
               +--------+--------+--------+--------+--------+-----+--------+
         Total |  14684 |  14168 |    516 |   3763 |   7970 |  16 |  917.8 |
       Dungeon |  13790 |  13298 |    492 |   3480 |   7642 |  13 | 1060.8 |
        Temple |    247 |    223 |     24 |      0 |    184 |   1 |  247.0 |
        Bailey |    641 |    641 |      0 |    283 |    144 |   1 |  641.0 |
      Ice Cave |      3 |      3 |      0 |      0 |      0 |   1 |    3.0 |
               +--------+--------+--------+--------+--------+-----+--------+

Top non-repeatable levels by time:
    D:13: 1812 daAuts
     D:3: 1639 daAuts
     D:4: 1385 daAuts
    D:11: 1322 daAuts
     D:9: 1072 daAuts
    D:12: 1060 daAuts
     D:8: 1012 daAuts
     D:7: 957 daAuts
    D:10: 914 daAuts
     D:1: 819 daAuts
     D:6: 759 daAuts
  Bailey: 641 daAuts
     D:5: 585 daAuts
     D:2: 450 daAuts
  Temple: 247 daAuts
